 Dungeon Crawl Stone Soup version 0.28-a0-1412-gf95308ed99 (webtiles) character file.

Game seed: 7867489126574124273

18 ryw the Skirmisher (level 2, 20/24 HPs)
             Began as a Demonspawn Fighter on Jan 7, 2022.
             Was a Follower of Nemelex Xobeh.
             Quit the game on level 1 of the Dungeon.
             The game lasted 00:01:14 (915 turns).

ryw the Skirmisher (Demonspawn Fighter)              Turns: 915, Time: 00:01:14

Health: 20/24      AC:  6    Str: 16    XL:     2   Next: 51%
Magic:  2/2        EV:  9    Int:  9    God:    Nemelex Xobeh [*.....]
Gold:   99         SH:  0    Dex: 12    Spells: 1/1 levels left

rFire   . . .      SeeInvis .   a - +0 war axe
rCold   . . .      Faith    .   (no shield)
rNeg    . . .      Spirit   .   b - +0 scale mail
rPois   .          Reflect  .   (no helmet)
rElec   .          Harm     .   (no cloak)
rCorr   .          Rampage  .   (no gloves)
Will    .....                   (no boots)
Stlth   ..........              (no amulet)
HPRegen 0.08/turn               (no ring)
MPRegen 0.08/turn               (no ring)

@: no status effects
A: demonic touch 1
a: Renounce Religion, Draw Escape, Draw Destruction, Draw Summoning


You were on level 1 of the Dungeon.
You worshipped Nemelex Xobeh.
Nemelex Xobeh was aware of your devotion.
You visited 1 branch of the dungeon, and saw 1 of its levels.

You collected 99 gold pieces.

Inventory:

Hand Weapons
 a - a +0 war axe (weapon)
Armour
 b - a +0 scale mail (worn)
 c - a +0 buckler
Scrolls
 e - a scroll of fog {unknown}
 f - a scroll of blinking {unknown}
 h - a scroll of magic mapping {unknown}
Potions
 d - a potion of might
 g - a potion of lignification {unknown}


   Skills:
 + Level 3.4 Fighting
 - Level 1.7 Axes
 + Level 3.1 Armour
 - Level 2.6 Shields


You had one spell level left.
You didn't know any spells.
Your spell library was empty.

Dungeon Overview and Level Annotations

Branches:
Dungeon (1/15)

Altars:
Nemelex Xobeh


Innate Abilities, Weirdness & Mutations

Your touch may inflict minor irresistible damage on your foes.


Message History

You hit the ball python.
You kill the ball python!
No target in view!
No target in view!
You see here a ball python corpse.
h - a scroll labelled SUMAXYRI YXZIJ You open the door.
There is an open door here.
There is an open door here.
You enter the shallow water.
Moving in this stuff is going to be slow.
Found a faded altar of an unknown god.
A frilled lizard and a bat come into view.
The frilled lizard hisses angrily.
An endoplasm comes into view.
Found a tower shield.
The endoplasm quivers.
The bat closely misses you.
You hit the bat.
You kill the bat!
You see here a bat corpse.
You closely miss the frilled lizard. You hit the endoplasm.
You kill the endoplasm!
The frilled lizard bites you. x2
You slash the frilled lizard!
You kill the frilled lizard!
You see here a frilled lizard corpse.
Found a scroll labelled URRANWOOSSO.
There is a dry fountain here.
There is a faded altar of an unknown god here.
You cannot tell which god this altar belongs to.
Convert to them anyway?
Okay, then.
You cannot tell which god this altar belongs to.
Convert to them anyway? [Y]es or [N]o only, please.
You cannot tell which god this altar belongs to.
Convert to them anyway?
Nemelex Xobeh accepts your prayer! Nemelex Xobeh welcomes you!
You can now draw from decks of power.
Nemelex will now gift you decks of power as you gain piety.
Are you sure you want to abandon this character and quit the game? (Confirm with "yes".)

.................
###.PP♣P≈..≈≈.... ##
#.♣P≈≈≈≈≈P≈≈♣≈≈≈
#?..P≈≈≈≈≈≈≈≈P≈≈PPP
#.##.≈≈≈P≈≈≈≈≈≈≈≈≈≈
##..##.♣♣♣≈≈P≈≈≈PP≈≈
#⌠[⌠.⌠.# ♣♣≈P≈≈≈P≈≈P
#......# ###♣≈≈♣P≈≈
#⌠.@...# #≈♣♣♣♣♣
#......#########.#
#⌠.⌠.⌠.......# #.#
#####.†#####.###.##
##..†####.##...##
♣♣♣#...#.....#.....#
♣♣♣P≈≈≈≈≈≈≈....##...##
♣♣♣≈P≈≈P≈P≈PP....###.###
♣♣≈≈≈≈≈≈≈≈≈≈≈............


There were no monsters in sight!

Vanquished Creatures
  2 ball pythons (D:1)
  4 bats (D:1)
  5 endoplasms (D:1)
  A giant cockroach (D:1)
  A goblin (D:1)
  A hobgoblin (D:1)
  A frilled lizard (D:1)
  A rat (D:1)
16 creatures vanquished.

Vanquished Creatures (others)
  3 plants (D:1)
3 creatures vanquished.

Grand Total: 19 creatures vanquished

Notes
Turn   | Place    | Note
-------+----------+-------------------------------------------
     0 | D:1      | ryw the Demonspawn Fighter began the quest for the Orb.
     0 | D:1      | Reached XP level 1. HP: 18/18 MP: 1/1
   463 | D:1      | Gained mutation: Your touch may inflict minor irresistible
                  | damage on your foes. [demonic ancestry]
   463 | D:1      | Reached XP level 2. HP: 21/24 MP: 2/2
   903 | D:1      | Found a faded altar of an unknown god.
   914 | D:1      | Prayed at the altar of an unknown god.
   914 | D:1      | Became a worshipper of Nemelex Xobeh the Trickster
   914 | D:1      | Reached * piety under Nemelex Xobeh
   915 | D:1      | Quit the game

Illustrated notes

Levels and vault maps discovered:
D:1:      scummos_arrival_simple_crosswalls, layout_loops_corners,
          hellmonk_ecumenical_altar_run_dry, serial_bayou, serial_bayou_ford_a,
          serial_bayou_pond_e, serial_bayou_lagoon_a, serial_bayou_shore_a

Skill      XL: |  1 |
---------------+----+-----
Armour         | 3 |  3.1
Fighting       | |  3.4
Axes           | |  1.7
Shields        | |  2.6

Action                   || total
-------------------------++-------
Melee: War axe           ||    46
       Touch             ||     1
Armor: Scale mail        ||    31
Dodge: Dodged            ||    20
Block: Buckler           ||     6

Table legend: (Time is in decaauts)
 A = Elapsed time spent in this place.
 B = Non-inter-level travel time spent in this place.
 C = Inter-level travel time spent in this place.
 D = Time resting spent in this place.
 E = Time spent auto-exploring this place.
 F = Levels seen in this place.
 G = Mean time per level.
                   A        B        C        D        E       F      G
               +--------+--------+--------+--------+--------+-----+--------+
         Total |    949 |    949 |      0 |      0 |    820 |   1 |  949.0 |
       Dungeon |    949 |    949 |      0 |      0 |    820 |   1 |  949.0 |
               +--------+--------+--------+--------+--------+-----+--------+

Top non-repeatable levels by time:
     D:1: 949 daAuts
